 Dungeon Sprint DCSS version 0.26-a0-690-gcb57259078 (webtiles) character file.

Game seed: 16804587509446756706

1004 sahdkjhfkaj the Unseen (level 8, 36/36 HPs)
             Began as a Spriggan Enchanter on Oct 23, 2020.
             Was an Initiate of Dithmenos.
             Quit the game in the Dungeon (Sprint I: "Red Sonja").
             The game lasted 00:00:55 (226 turns).

sahdkjhfkaj the Unseen (Spriggan Enchanter)          Turns: 226, Time: 00:00:55

Health: 36/36      AC:  2    Str:  4    XL:     8   Next: 0%
Magic:  14/19      EV: 18    Int: 16    God:    Dithmenos [......]
Gold:   297        SH:  0    Dex: 19    Spells: 14/20 levels left

rFire    . . .     SeeInvis +   a - +1 dagger
rCold    . . .     Faith    .   (shield restricted)
rNeg     . . .     Spirit   .   b - +0 robe
rPois    .         Reflect  .   (helmet restricted)
rElec    .         Harm     .   (no cloak)
rCorr    .         Rampage  .   (gloves unavailable)
MR       +....     NoTele   +   (boots unavailable)
Stlth    ++++++++..             (no amulet)
HPRegen  0.12/turn              (no ring)
MPRegen  0.16/turn              (no ring)

@: very quick
A: very small, unfitting armour, see invisible, speed 3
a: Renounce Religion


You were in the Dungeon.
You worshipped Dithmenos.
Dithmenos was noncommittal.
You visited 1 branch You collected 297 gold pieces.

Inventory:

Hand Weapons
 a - a +1 dagger (weapon)
Missiles
 k - 5 curare-tipped darts (quivered)
Armour
 b - a +0 robe (worn)
Wands
 h - a wand of flame (15)
Scrolls
 i - a scroll of blinking
Potions
 c - a potion of stabbing {!q, unknown}
 d - a potion of curing {!q}
 e - a potion of heal wounds {!q}
 f - a potion of haste {!q}
 g - 2 potions of magic {!q}
 j - a potion of brilliance {!q, unknown}


   Skills:
 + Level 5.8 Short Blades
 - Level 3.0 Dodging
 + Level 19.7 Stealth
 + Level 6.9 Spellcasting
 * Level 9.8 Hexes


You had 14 spell levels left.
You knew the following spells:

 Your Spells              Type           Power        Failure   Level
a - Corona                Hex            #####..      1%          1
b - Ensorcelled Hibernat  Hex/Ice        ###...       2%          2
T - Confusing Touch       Hex            #####...     1%          3

Your spell library contained the following spells:

 Spells                   Type           Power        Failure   Level
 Tukima's Dance           Hex            #####...     1%          3
 Dazzling Flash           Conj/Hex       ###...       4%          3


Dungeon Overview and Level Annotations

Branches:
Dungeon (1/1)

Altars:
Cheibriados
Dithmenos
Elyvilon
Fedhas
Gozag
Hepliaklqana
Kikubaaqudgha
Nemelex Xobeh
Okawaru
Qazlal
Ru
Sif Muna
Trog
Uskayaw
Vehumet
Wu Jian
Yredelemnul
Zin
The Shining One

Shops:
D *


Innate Abilities, Weirdness & Mutations

You are very small and have problems with some larger weapons.
You are too small for most types of armour.
You have supernaturally acute eyesight. (SInv)
You cover ground extremely quickly.


Message History

You kill Sonja!
Dithmenos accepts your kill.
Your Short Blades skill gained 2 levels and is now at level 5!
Your Stealth skill increases to level 19!
Your Spellcasting skill gained 2 levels and is now at level 6!
Your Hexes skill gained 3 levels and is now at level 9!
You have reached level 7!
You have reached level 8!
Unknown command.
Unknown command.
Unknown command.
Unknown command.
Unknown command.
Unknown command.
Unknown command.
Unknown command.
Unknown command.
Unknown command.
Unknown command.
Are you sure you want to abandon this character and quit the game? (Confirm with "yes".)

#..#####'#####'#
#..####..#...#.#
#..#__####..##.#
#..#_____##'#_.+
#⌠⌠#_.∩...'..._#
####_..__##_.#+#
#_____###'#
#########.##


+$@$+ #$)$# ##.## #+# There were no monsters in sight!

Vanquished Creatures
  Sonja (D)
  Sigmund (D)
  A yak (D)
  An ogre (D)
  A jelly (D)
  Ijyb (D)
6 creatures vanquished.

Notes
Turn   | Place    | Note
-------+----------+-------------------------------------------
     0 | D        | sahdkjhfkaj the Spriggan Enchanter began the quest for the
                  | Orb.
     0 | D        | Reached XP level 1. HP: 9/9 MP: 5/5
     1 | D        | Noticed Ijyb
     6 | D        | Killed Ijyb
     6 | D        | Reached skill level 9 in Stealth
     6 | D        | Reached XP level 2. HP: 13/13 MP: 6/6
    54 | D        | Learned a level 2 spell: Ensorcelled Hibernation
    56 | D        | Noticed an ogre
    61 | D        | Killed an ogre
    61 | D        | Reached skill level 14 in Stealth
    61 | D        | Reached XP level 3. HP: 16/16 MP: 5/8
    61 | D        | Reached XP level 4. HP: 21/21 MP: 5/9
    99 | D        | Noticed Sigmund
   102 | D        | Killed Sigmund
   102 | D        | Reached skill level 18 in Stealth
   102 | D        | Reached XP level 5. HP: 24/24 MP: 10/10
   102 | D        | Reached XP level 6. HP: 28/28 MP: 11/11
   119 | D        | Learned a level 3 spell: Confusing Touch
   119 | D        | Found an ornate altar of the Wu Jian Council.
   119 | D        | Found a shimmering blue altar of Sif Muna.
   121 | D        | Found a radiant altar of Vehumet.
   150 | D        | Found Goleq's Assorted Antiques.
   150 | D        | Found an ancient bone altar of Kikubaaqudgha.
   150 | D        | Found a hazy altar of Hepliaklqana.
   150 | D        | Found a stormy altar of Qazlal.
   150 | D        | Found a hide-covered altar of Uskayaw.
   150 | D        | Found a blossoming altar of Fedhas.
   150 | D        | Found a bloodstained altar of Trog.
   150 | D        | Found an iron altar of Okawaru.
   150 | D        | Found a basalt altar of Yredelemnul.
   150 | D        | Found a glowing golden altar of the Shining One.
   150 | D        | Found a snail-covered altar of Cheibriados.
   150 | D        | Found a sacrificial altar of Ru.
   150 | D        | Found a glowing silver altar of Zin.
   150 | D        | Found a shadowy altar of Dithmenos.
   150 | D        | Found a white marble altar of Elyvilon.
   150 | D        | Noticed a yak
   159 | D        | Killed a yak
   203 | D        | Found an opulent altar of Gozag.
   204 | D        | Found a sparkling altar of Nemelex Xobeh.
   212 | D        | Became a worshipper of Dithmenos the Shadowed
   221 | D        | Noticed Sonja
   225 | D        | Killed Sonja
   225 | D        | Reached skill level 5 in Short Blades
   225 | D        | Reached skill level 19 in Stealth
   225 | D        | Reached XP level 7. HP: 32/32 MP: 14/18
   225 | D        | Reached XP level 8. HP: 36/36 MP: 14/19
   226 | D        | Quit the game

Illustrated notes

Levels and vault maps discovered:
D:        dungeon_sprint_1 [red_sonja_temple_1, red_sonja_temple_small_1]

Skill      XL: |  1  2  3  4  5  6 |
---------------+-------------------+-----
Stealth        | 9 14 18 19 | 19.7
Short Blades   | 5 |  5.8
Spellcasting   | 6 |  6.9
Hexes          | 9 |  9.8
Dodging        | |  3.0

Action                   |  1- 3 |  4- 6 |  7- 9 || total
-------------------------+-------+-------+-------++-------
Melee: Dagger            |     3 |     5 |       ||     8
 Cast: Ensorcelled Hiber |     1 |     2 |       ||     3
  Use: Potion            |     1 |       |       ||     1
 Stab: Sleeping          |     2 |     4 |       ||     6
Dodge: Dodged            |     1 |     1 |       ||     2

Table legend: (Time is in decaauts)
 A = Elapsed time spent in this place.
 B = Non-inter-level travel time spent in this place.
 C = Inter-level travel time spent in this place.
 D = Time resting spent in this place.
 E = Time spent auto-exploring this place.
 F = Levels seen in this place.
 G = Mean time per level.
                   A        B        C        D        E       F      G
               +--------+--------+--------+--------+--------+-----+--------+
         Total |    209 |    209 |      0 |    124 |      0 |   1 |  209.0 |
       Dungeon |    209 |    209 |      0 |    124 |      0 |   1 |  209.0 |
               +--------+--------+--------+--------+--------+-----+--------+

Top non-repeatable levels by time:
       D: 209 daAuts
